 Dungeon Crawl Stone Soup version 0.30-a0-534-gdc55766716 (webtiles) character file.

Game seed: 2278619708625786691

34 Popcorn the Grasshopper (level 3, -4/31 HPs)
             Began as an Armataur Warper on Dec 24, 2022.
             Slain by a sky beast (6 damage)
             ... on level 3 of the Dungeon.
             The game lasted 00:10:58 (1710 turns).

Popcorn the Grasshopper (Armataur Warper)           Turns: 1710, Time: 00:10:59

Health: -4/31      AC:  4    Str: 16    XL:     3   Next: 14%
Magic:  2/6        EV:  9    Int: 15    God:
Gold:   71         SH:  0    Dex:  9    Spells: 4/6 levels left

rFire   + . .      SeeInvis .    a - +0 falchion
rCold   x . .      Faith    .    (no shield)
rNeg    . . .      Spirit   .    b - +0 leather armour
rPois   .          Reflect  .    (no helmet)
rElec   .          Harm     .    (no cloak)
rCorr   .          Roll     +    (no gloves)
Will    .....                    (no barding)
Stlth   +                        (no amulet)
HPRegen 0.25/turn                e - ring of fire
MPRegen 0.10/turn                (no ring)

@: about to teleport, on blink cooldown, very slightly contaminated
A: large, rugged brown scales 3, deformed body, armoured tail, roll, long
tongue, awkward tongue
a: no special abilities


You were on level 3 of the Dungeon.
You visited 1 branch of the dungeon, and saw 3 of its levels.

You collected 71 gold pieces.

Inventory:

Hand Weapons
 a - a +0 falchion (weapon)
Missiles
 d - 7 boomerangs of dispersal (quivered)
 n - a throwing net
Armour
 b - a +0 leather armour (worn)
Jewellery
 e - a ring of fire (left hand)
Scrolls
 c - a scroll of fear {unknown}
 f - 2 scrolls of fog
 g - a scroll of identify
 i - a scroll of enchant weapon {unknown}
 p - a scroll of immolation {unknown}
Potions
 h - a potion of lignification {unknown}
 j - a potion of attraction {unknown}
 k - a potion of might {unknown}
 l - a potion of curing {unknown}
 m - a potion of mutation {unknown}


   Skills:
 + Level 2.0 Fighting
 * Level 2.3 Long Blades
 - Level 0.8 Throwing
 + Level 1.8 Armour
 - Level 1.3 Dodging
 + Level 2.0 Spellcasting
 * Level 3.3 Translocations


You had 4 spell levels left.
You knew the following spells:

 Your Spells              Type           Power      Damage    Failure   Level
a - Blink                 Tloc           22%        N/A       11%         2

Your spell library contained the following spells:

 Spells                   Type           Power      Damage    Failure   Level
 Lesser Beckoning         Tloc           22%        N/A       21%         3
 Teleport Other           Tloc           11%        N/A       21%         3
 Sandblast                Erth           2%         2d4       26%         1
 Passwall                 Tmut/Erth      0%         N/A       38%         2
 Vhi's Electric Charge    Tloc/Air       12%        N/A       38%         3
 Manifold Assault         Tloc           11%        N/A       56%         4
 Stone Arrow              Conj/Erth      2%         3d7       63%         3


Dungeon Overview and Level Annotations

Branches:
Dungeon (3/15)

Altars:

Shops:
D:1 :

Annotations:
D:2 Jessica


Innate Abilities, Weirdness & Mutations

You are completely covered in rugged brown scales. (AC +3, +7% HP)
Armour fits poorly on your strangely shaped body.
You have a long armoured tail.
You roll when moving toward enemies. (Rampage)
Your long tongue fully drains potion bottles. (2x potion effects)
Your tongue gives you trouble enunciating. (1.5x scroll delay)


Message History

Reactivating autopickup.
The bat misses you. The bat closely misses you. The bat hits you.
The bat hits you. The bat attacks as you move away!
The bat hits you but does no damage. x2
The bat enters a dispersal trap!
The sky beast blinks!
The goblin blinks!
You blink.
The bat blinks!
The sky beast flickers out of sight!
Deactivating autopickup; reactivate with Ctrl-A.
Casting: Blink (safe; 11% risk of failure)
Confirm with . or Enter, or press ? or * to list all spells.
You miscast Blink.
You are very lightly contaminated with residual magic.
Nothing appears to happen.
Casting: Blink (safe; 11% risk of failure)
Confirm with . or Enter, or press ? or * to list all spells.
You blink.
The bat hits you but does no damage. Something hits you. Something shocks you.
Casting: Blink (safe; 11% risk of failure)
Confirm with . or Enter, or press ? or * to list all spells.
You are still too unstable to blink.
Casting: Blink (safe; 11% risk of failure)
Confirm with . or Enter, or press ? or * to list all spells.
Okay, then.
As you slowly read the scroll labelled KISOHERHIJ, it crumbles to dust.
It is a scroll of identify.
f - 2 scrolls of fog Something hits you.
Something shocks you. The goblin hits you with a +0 club.
Casting: Blink (safe; 11% risk of failure)
Confirm with . or Enter, or press ? or * to list all spells.
You are still too unstable to blink.
As you slowly read the scroll labelled DOT UMUALEME, it crumbles to dust.
You feel strangely unstable.
It was a scroll of teleportation.
Something hits you but does no damage. The goblin hits you with a +0 club.
* * * LOW HITPOINT WARNING * * *
The goblin hits you but does no damage. Something hits you.
* * * LOW HITPOINT WARNING * * *
Something shocks you.
You die...

##.<..##. #........#
##.#####.###........
.#.# #...........
.#.########....#######
.....................#
......#####....#####.#
##.......##^...# #.#
######..##....#####.#
#..#..#bg@{.#.#
..##.#######.# #...#
..#§#.....#.# #...####
##.#.#.#.#.# #......#
#.§.#.#...# #......#
#####.#####
#......####...#Y#...#
#.........#.#.#§#.#.#
#....).# #.#b....#.#


You could see a goblin and a bat.

Vanquished Creatures
  A dart slug (D:1)
  2 ball pythons
  4 endoplasms
  A giant cockroach (D:1)
  4 goblins
  3 hobgoblins
  2 jackals (D:2)
  A quokka (D:3)
  4 bats
  3 frilled lizards (D:1)
  4 kobolds
  2 rats
31 creatures vanquished.

Vanquished Creatures (others)
  A bat (D:3)
  A hobgoblin (D:3)
  A quokka (D:3)
3 creatures vanquished.

Grand Total: 34 creatures vanquished

Notes
Turn   | Place    | Note
-------+----------+-------------------------------------------
     0 | D:1      | Popcorn the Armataur Warper began the quest for the Orb.
     0 | D:1      | Reached XP level 1. HP: 18/18 MP: 3/3
   148 | D:1      | Reached XP level 2. HP: 25/25 MP: 4/4
   168 | D:1      | Found Siren's Book Boutique.
   678 | D:2      | Learned a level 2 spell: Blink
   837 | D:2      | Noticed Jessica
  1287 | D:2      | Found a faded altar of an unknown god.
  1547 | D:3      | Reached XP level 3. HP: 31/31 MP: 6/6
  1626 | D:3      | Noticed a sky beast
  1710 | D:3      | Slain by a sky beast

Illustrated notes

Levels and vault maps discovered:
D:1:      dpeg_arrival_pits, layout_loops_ring, serial_shops, shop
D:2:      layout_basic, ebering_ecumenical_altar_sacrificial,
          kennysheep_generic_room_10, uniq_jessica, uniq_natasha
D:3:      cheibrodos_thug_alley, layout_basic, xom_confusion_cloud,
          mainiacjoe_overflow_large_starburst, minmay_misc_feat_ornament

Skill      XL: |  1  2 |
---------------+-------+-----
Long Blades    | 2 |  2.3
Spellcasting   | 2 |  2.0
Fighting       | 2 |  2.0
Throwing       | |  0.8
Armour         | |  1.8
Dodging        | |  1.3
Translocations | |  3.3

Action                   || total
-------------------------++-------
Melee: Falchion          ||    94
       Tailslap          ||     9
       Punch             ||     1
 Cast: Blink             ||     3
  Use: Scroll            ||     3
Armor: Leather armour    ||    68
Dodge: Dodged            ||    62

Table legend: (Time is in decaauts)
 A = Elapsed time spent in this place.
 B = Non-inter-level travel time spent in this place.
 C = Inter-level travel time spent in this place.
 D = Time resting spent in this place.
 E = Time spent auto-exploring this place.
 F = Levels seen in this place.
 G = Mean time per level.
                   A        B        C        D        E       F      G
               +--------+--------+--------+--------+--------+-----+--------+
         Total |   1728 |   1648 |     80 |    320 |    904 |   3 |  576.0 |
       Dungeon |   1728 |   1648 |     80 |    320 |    904 |   3 |  576.0 |
               +--------+--------+--------+--------+--------+-----+--------+

Top non-repeatable levels by time:
     D:1: 967 daAuts
     D:2: 468 daAuts
     D:3: 293 daAuts
